 Dungeon Crawl Stone Soup version 0.28-a0-863-g8cecda6153 (webtiles) character file.

Game seed: 2585466311131440005

75 meatgazer the Skirmisher (level 4, -8/37 HPs)
             Began as a Demonspawn Abyssal Knight on Nov 17, 2021.
             Was a Follower of Lugonu.
             Killed by nerve-wracking pain
             ... invoked by Grinder
              (13 damage)
             ... on level 3 of the Dungeon.
             The game lasted 00:04:31 (3170 turns).

meatgazer the Skirmisher (DsAK)                     Turns: 3170, Time: 00:04:32

Health: -8/37      AC:  3    Str: 16    XL:     4   Next: 11%
Magic:  6/6        EV: 11    Int: 14    God:    Lugonu [*.....]
Gold:   77         SH:  0    Dex: 17    Spells: 3/3 levels left

rFire   + . .      SeeInvis .   a - +1 spear
rCold   + . .      Faith    .   (no shield)
rNeg    . . .      Spirit   .   b - +0 leather armour
rPois   .          Reflect  .   (no helmet)
rElec   .          Harm     .   h - scarf {rC+ rF+}
rCorr   .          Rampage  .   (no gloves)
Will    .....                   (no boots)
Stlth   +++.......              f - amulet of the acrobat
HPRegen 0.12/turn               (no ring)
MPRegen 0.10/turn               (no ring)

@: no status effects
A: hooves 1, thin skeletal structure 2, clever 1, strong 1, wild magic 1
a: Renounce Religion, Depart the Abyss


You were on level 3 of the Dungeon.
You worshipped Lugonu.
Lugonu was aware of your devotion.
You visited 1 branch of the dungeon, and saw 3 of its levels.
You visited the Abyss 1 time.

You collected 77 gold pieces.

Inventory:

Hand Weapons
 a - a +1 spear (weapon)
Armour
 b - a +0 leather armour (worn)
 h - a scarf of resistance (worn)
Jewellery
 f - an amulet of the acrobat (around neck)
Scrolls
 d - 3 scrolls of immolation
 i - a scroll of identify
 j - a scroll of amnesia
 k - a scroll of fog {unknown}
Potions
 c - a potion of attraction
 e - 2 potions of curing


   Skills:
 + Level 3.9 Fighting
 + Level 2.6 Polearms
 - Level 2.0 Armour
 - Level 0.8 Dodging
 + Level 3.4 Invocations


You had 3 spell levels left.
You didn't know any spells.
Your spell library was empty.

Dungeon Overview and Level Annotations

Branches:
Dungeon (3/15)

Altars:

Annotations:
D:3 Grinder


Innate Abilities, Weirdness & Mutations

You have large cloven feet.
You have a moderately thin skeletal structure. (Dex +4, Stealth++)
Your mind is acute. (Int +2)
Your muscles are strong. (Str +2)
Your spells are a little harder to cast, but a little more powerful.


Message History

Grinder is heavily wounded.
Grinder hits you.
You hit Grinder. You kick Grinder, but do no damage.
Grinder is severely wounded.
Grinder hits you.
You writhe in agony.
You hit Grinder. You kick Grinder.
Grinder is severely wounded.
Grinder gestures at you. Pain shoots through your body!
* * * LOW HITPOINT WARNING * * *
You closely miss Grinder.
Grinder is severely wounded.
Grinder gestures at you. Pain shoots through your body!
* * * LOW HITPOINT WARNING * * *
You barely miss Grinder. You kick Grinder.
Grinder is almost dead.
Grinder barely misses you.
You hit Grinder but do no damage.
Grinder is severely wounded.
Grinder closely misses you.
You hit Grinder but do no damage. You kick Grinder.
Grinder is almost dead.
Grinder hits you but does no damage.
You hit Grinder but do no damage. Your kick misses Grinder.
Grinder is almost dead.
Grinder gestures at you.
You suddenly lose the ability to move!
Grinder blinks!
You can move again.
You barely miss Grinder.
Grinder is almost dead.
Grinder completely misses you.
You completely miss Grinder. Your kick misses Grinder.
Grinder is almost dead.
The kobold hits you with a +0 club.
* * * LOW HITPOINT WARNING * * *
Grinder gestures at you. Pain shoots through your body!
You die...

# ##########.... #
#.@K.........# #
#5########...# # #.#
#...# # #.# #...# # ##.##
#...# #
#####...#######...# #
..............##...######
######>..####.##.........
##.## #.###..#####.


You could see Grinder and a kobold.

Vanquished Creatures
  3 adders
  A worm (D:2)
  A dart slug (D:1)
  An orc (D:3)
  3 ball pythons
  4 bats
  7 endoplasms
  5 giant cockroaches
  2 goblins
  A hobgoblin (D:2)
  4 kobolds
  A quokka (D:2)
  2 frilled lizards
  5 rats
40 creatures vanquished.

Notes
Turn   | Place    | Note
-------+----------+-------------------------------------------
     0 | Abyss:1  | meatgazer the Demonspawn Abyssal Knight began the quest for
                  | the Orb.
     0 | Abyss:1  | Reached XP level 1. HP: 18/18 MP: 2/2
    39 | Abyss:1  | Noticed a smoke demon
    40 | Abyss:1  | Noticed a small abomination
    49 | Abyss:1  | Noticed a raiju
    52 | Abyss:1  | Gained mutation: You have sharp toenails. [potion of
                  | mutation]
    52 | Abyss:1  | Gained mutation: Your muscles are strong. (Str +2) [potion
                  | of mutation]
    52 | Abyss:1  | Gained mutation: Your spells are a little harder to cast,
                  | but a little more powerful. [potion of mutation]
    52 | Abyss:1  | Gained mutation: Your mind is acute. (Int +2) [potion of
                  | mutation]
    53 | D:1      | Escaped the Abyss
   405 | D:1      | Found a faded altar of an unknown god.
   422 | D:1      | Reached * piety under Lugonu
   750 | D:1      | Lost mutation: You have sharp toenails. [demonic ancestry]
   750 | D:1      | Gained mutation: You have large cloven feet. [demonic
                  | ancestry]
   750 | D:1      | Reached XP level 2. HP: 24/24 MP: 3/3
  1592 | D:2      | Gained mutation: You have a somewhat thin skeletal
                  | structure. (Dex +2, Stealth+) [demonic ancestry]
  1592 | D:2      | Reached XP level 3. HP: 30/30 MP: 5/5
  2845 | D:3      | Gained mutation: You have a moderately thin skeletal
                  | structure. (Dex +4, Stealth++) [demonic ancestry]
  2845 | D:3      | Reached XP level 4. HP: 33/37 MP: 6/6
  3150 | D:3      | Noticed Grinder
  3167 | D:3      | Paralysed by Grinder for 2 turns
  3170 | D:3      | Killed from afar by Grinder

Illustrated notes

Levels and vault maps discovered:
D:1:      minmay_arrival_loop, layout_basic, hellmonk_ecumenical_altar_run_dry
D:2:      layout_loops_corners
D:3:      layout_loops_ring, marbit_many_paths, minitemple, uniq_grinder,
          uniq_crazy_yiuf_cottage

Skill      XL: |  1  2  3 |
---------------+----------+-----
Armour         | 2 |  2.0
Polearms       | 2 |  2.6
Invocations    | 3 |  3.4
Fighting       | |  3.9
Dodging        | |  0.8

Action                   |  1- 3 |  4- 6 || total
-------------------------+-------+-------++-------
Melee: Spear             |   109 |    19 ||   128
       Kick              |    24 |    10 ||    34
Invok: Depart the Abyss  |     1 |       ||     1
  Use: Potion            |     4 |     1 ||     5
       Scroll            |     5 |       ||     5
 Stab: Sleeping          |     4 |       ||     4
Armor: Leather armour    |    10 |     2 ||    12
Dodge: Dodged            |    30 |     6 ||    36

Table legend: (Time is in decaauts)
 A = Elapsed time spent in this place.
 B = Non-inter-level travel time spent in this place.
 C = Inter-level travel time spent in this place.
 D = Time resting spent in this place.
 E = Time spent auto-exploring this place.
 F = Levels seen in this place.
 G = Mean time per level.
                   A        B        C        D        E       F      G
               +--------+--------+--------+--------+--------+-----+--------+
         Total |   3167 |   3120 |     47 |    710 |   2086 |   4 |  791.8 |
       Dungeon |   3114 |   3067 |     47 |    710 |   2048 |   3 | 1038.0 |
         Abyss |     53 |     53 |      0 |      0 |     38 |   1 |   53.0 |
               +--------+--------+--------+--------+--------+-----+--------+

Top non-repeatable levels by time:
     D:1: 1439 daAuts
     D:2: 1236 daAuts
     D:3: 438 daAuts
 Abyss:1: 53 daAuts
